 Dungeon Crawl Stone Soup version 0.21-a0-630-g344d351 (webtiles) character file.

4095 Firecrotchwizard the Grappler (level 10, -3/94 HPs)
             Began as a Troll Monk on Dec 27, 2017.
             Was an Elder of Wu Jian.
             Slain by a bullfrog (5 damage)
             ... on level 11 of the Dungeon.
             The game lasted 00:26:06 (6922 turns).

Firecrotchwizard the Grappler (Troll Monk)          Turns: 6922, Time: 00:26:07

Health: -3/94      AC: 10    Str: 21    XL:     10   Next: 5%
Magic:  12/12      EV: 18    Int:  6    God:    Wu Jian [****..]
Gold:   650        SH:  0    Dex: 15    Spells: 9/9 levels left

rFire    . . .     SeeInvis .     - Unarmed
rCold    . . .     Gourm    +   (no shield)
rNeg     . . .     Faith    .   a - +0 robe
rPois    .         Spirit   .   y - +2 hat
rElec    .         Reflect  .   n - +2 cloak
rCorr    .         Harm     .   (gloves unavailable)
MR       .....                  (boots unavailable)
Stlth    +.........             (no amulet)
HPRegen  0.65/turn              i - +6 ring of evasion
MPRegen  0.13/turn              H - ring of stealth {Stlth+}

@: glowing, heavenly storm
A: large, unfitting armour, claws 3, fast metabolism 3, gourmand, regeneration
1, shaggy fur 1, tough skin 2
a: Serpent's Lash, Renounce Religion


You were on level 11 of the Dungeon.
You worshipped Wu Jian.
Wu Jian was greatly pleased with you.
You were very full.

You visited 1 branch of the dungeon, and saw 11 of its levels.
You also visited: Sewer and Ossuary.

You collected 650 gold pieces.

Inventory:

Hand Weapons
 B - a +0 morningstar of freezing
   (You found it on level 7 of the Dungeon)
Missiles
 p - 4 large rocks (quivered) {!d}
 G - 2 throwing nets {=f, !d}
Armour
 a - a +0 robe (worn)
 n - a +2 cloak (worn)
   (You found it on level 2 of the Dungeon)
 y - a +2 hat (worn)
   (You found it on level 4 of the Dungeon)
Jewellery
 h - a +1 ring of evasion
   (You found it on level 6 of the Dungeon)
 i - a +6 ring of evasion (left claw)
   (You found it on level 2 of the Dungeon)
 q - an uncursed ring of protection from fire {rF+, !d}
   (You found it on level 5 of the Dungeon)
 H - a ring of stealth (right claw) {Stlth+}
   (You found it on level 8 of the Dungeon)
Wands
 k - a wand of random effects (26)
   (You found it on level 2 of the Dungeon)
 l - a wand of acid (5)
   (You found it on level 5 of the Dungeon)
 t - a wand of scattershot (6)
   (You found it on level 6 of the Dungeon)
 I - a wand of paralysis (13)
   (You found it on level 8 of the Dungeon)
Scrolls
 c - 3 scrolls of teleportation
 e - 14 scrolls of identify
 m - 5 scrolls of amnesia
 o - 2 scrolls of fear
 s - 2 scrolls of remove curse
 w - 2 scrolls of enchant armour
 L - a scroll of blinking {unknown}
Potions
 d - 2 potions of mutation {!q}
 f - 2 potions of resistance {unknown}
 g - 5 potions of curing
 j - 2 potions of brilliance
 u - a potion of berserk rage {unknown}
 v - 2 potions of might
 x - 4 potions of flight
 A - a potion of heal wounds {unknown}
 C - a potion of lignification {unknown}
 D - a potion of magic {unknown}
 E - a potion of haste {unknown}
 F - a potion of ambrosia {unknown}
 J - a potion of cancellation {unknown}
Books
 r - a book of Changes
   (You found it on level 7 of the Dungeon)
 z - a book of Necromancy
   (You found it on level 6 of the Dungeon)
 K - a book of Cantrips
   (You found it on level 8 of the Dungeon)
Comestibles
 b - 15 rations {@e1}


   Skills:
 + Level 4.9 Fighting
 + Level 4.0 Armour
 + Level 4.9 Dodging
 - Level 1.0 Stealth
 - Level 10.0 Unarmed Combat
 * Level 4.8 Evocations


You had 9 spell levels left.
You didn't know any spells.

Dungeon Overview and Level Annotations

Branches:
Dungeon (12/15)              Lair (0/6) D:11
 Temple: D:4-7          Orc: D:9-12

Altars:
Cheibriados
Dithmenos
Hepliaklqana
Kikubaaqudgha
Ru
Sif Muna
Wu Jian
Xom

Annotations:
D:2 1 runed door
D:4 exclusion: Menkaure, Menkaure
D:7 exclusion: Joseph, Joseph


Innate Abilities, Weirdness & Mutations

You are too large for most types of armour.
You have claws for hands.
Your metabolism is lightning-fast.
You like to eat raw meat.
Your natural rate of healing is unusually fast.
You are covered in fur. (AC +1)
You have very tough skin. (AC +2)


Message History

The orc wizard mumbles some strange words.
The orc wizard flickers and vanishes!
Deactivating autopickup; reactivate with Ctrl-A.
The orc wizard casts a spell.
The orc wizard flickers and vanishes!
You put your feet on the rock wall.
Move against it again to jump.
You repeatedly attack the warg from above.
The bullfrog gives a loud, deep croak!
You scratch the warg but do no damage. You barely miss the warg.
You repeatedly attack the warg from above.
You barely miss the warg. You scratch the warg. You mangle the warg!!
The warg bites you but does no damage. The warg barely misses you.
The warg misses you. The warg bites you! The warg bites you.
The warg bites you!
You take 31 damage, and have 54/94 hp.
MASSIVE DAMAGE!!
You spin and attack the warg.
You barely miss the warg.
You spin and attack the warg.
You closely miss the warg. The warg bites you! The warg closely misses you.
You take 12 damage, and have 42/94 hp.
You barely miss the warg. The warg closely misses you.
Okay, then.
Okay, then.
The air is filled with shimmering golden clouds!
Sifu Deng Ai says: The storm will not cease as long as you keep fighting, disciple!
You can no longer summon a storm of heavenly clouds.
You hear a shout! x7
The orc wizard completely misses you. The warg barely misses you.
The bullfrog snags a nearby fly with its tongue.
You spin and attack the warg.
You mangle the warg!!
You hear a shout!
The warg closely misses you. The warg bites you.
The warg completely misses you. The warg barely misses you.
You take 5 damage, and have 38/94 hp.
You spin and attack the warg.
You barely miss the warg.
You spin and attack the warg repeatedly.
You claw the warg! x2
You kill the warg!
The Council accepts your kill. The warg misses you.
You spin and attack the warg.
You claw the warg! The warg completely misses you. The orc priest misses you.
You claw the orc priest! The warg bites you!
The orc wizard hits you but does no damage.
The orc priest completely misses you.
You take 8 damage, and have 31/94 hp.
You claw the orc priest!
You kill the orc priest!
The Council accepts your kill. The warg closely misses you.
The orc wizard casts a spell at you.
You easily resist.
You barely miss the bullfrog. The warg closely misses you.
The bullfrog hits you but does no damage.
The orc barely misses you. The orc wizard completely misses you.
You claw the orc wizard!
You kill the orc wizard!
The Council accepts your kill.
Reactivating autopickup.
You hear a shout! x2
The bullfrog closely misses you. The warg barely misses you.
The orc closely misses you. The bullfrog completely misses you.
You mangle the orc!!
You kill the orc!
The Council accepts your kill. The warg completely misses you.
The warg bites you. The bullfrog closely misses you.
You take 1 damage, and have 32/94 hp.
You completely miss the orc.
You hear a shout! x2
The warg completely misses you. The warg barely misses you.
The bullfrog hits you!
* * * LOW HITPOINT WARNING * * *
The orc hits you but does no damage. The warg bites you.
* * * LOW HITPOINT WARNING * * *
The warg closely misses you.
You take 14 damage, and have 18/94 hp.
You closely miss the orc wizard. Your claw misses the orc wizard.
The bullfrog hits you!
* * * LOW HITPOINT WARNING * * *
The orc wizard completely misses you. The warg closely misses you.
The warg bites you but does no damage.
You take 7 damage, and have 11/94 hp.
You mangle the orc wizard!!
You kill the orc wizard!
The Council accepts your kill.
You hear a shout!
The bullfrog hits you but does no damage.
The orc misses you. The warg barely misses you. The warg misses you.
The bullfrog hits you but does no damage.
You mangle the orc!!
You kill the orc!
The Council accepts your kill. The warg bites you!
* * * LOW HITPOINT WARNING * * *
The bullfrog hits you but does no damage.
The warg misses you.
You take 9 damage, and have 2/94 hp.
You completely miss the warg. The bullfrog hits you.
You die...

......P...#
........
...o.####. #
#F{o......
#.#####§§.......
#..§§§§§§.......
#(.§§§§§§.....!.
#..§§hho§.......
#..§§F@###.####.
#..§§§§# .#
#.#.##§# .. #.#.
#.# .# # #. #.#
.. #. #.# ..#
###


You could see 2 wargs, a bullfrog and an orc priest.

Vanquished Creatures
  A two-headed ogre (D:12)
  An ugly thing (D:12)
  A merfolk (D:12)
  A hippogriff (D:12)
  A hungry ghost (D:12)
  A warg (D:11)
  A phantom (D:6)
  An ice beast (D:7)
  5 sky beasts
  A centaur (D:5)
  3 ogres
  A big kobold (Sewer)
  The ghost of reaverb the Conjurer, an amateur FeCj of Okawaru (D:4)
  A bullfrog (D:12)
  4 scorpions
  A bullfrog zombie (D:12)
  A crimson imp (D:6)
  2 quasits
  2 orc priests
  2 hounds
  3 bullfrog skeletons
  2 jellies
  4 orc wizards
  4 worker ants
  4 big kobold zombies (Ossuary)
  A mummy (Ossuary)
  Robin (D:2)
  3 gnolls (D:9)
  3 river rats
  12 adders
  3 shadow imps
  5 dart slugs
  6 worms
  4 leopard geckos
  26 orcs
  2 spectral bats (Ossuary)
  6 giant cockroaches
  16 goblins
  9 hobgoblins
  9 jackals
  A quokka (D:2)
  2 ball pythons
  5 bats
  2 bat simulacra (Ossuary)
  3 frilled lizards
  8 gnoll zombies (Ossuary)
  A goblin simulacrum (Ossuary)
  3 goblin zombies (Ossuary)
  5 hobgoblin zombies (Ossuary)
  8 kobolds
  7 kobold zombies (Ossuary)
  3 leopard gecko skeletons
  3 orc zombies (Ossuary)
  6 rats
  7 rat simulacra (Ossuary)
  5 spectral goblins (Ossuary)
  3 spectral kobolds (Ossuary)
  2 spectral rats (Ossuary)
229 creatures vanquished.

Notes
Turn   | Place    | Note
-------+----------+-------------------------------------------
     0 | D:1      | Firecrotchwizard the Troll Monk began the quest for the Orb.
     0 | D:1      | Reached XP level 1. HP: 22/22 MP: 0/0
   109 | D:1      | Reached XP level 2. HP: 28/29 MP: 1/1
   302 | D:1      | Reached skill level 4 in Unarmed Combat
   745 | D:2      | Reached XP level 3. HP: 36/36 MP: 2/2
   765 | D:2      | Noticed Robin
   793 | D:2      | Killed Robin
   862 | D:2      | Found a hazy altar of Hepliaklqana.
   864 | D:2      | Found a deep blue altar of Sif Muna.
   868 | D:2      | Found an ornate altar of the Wu Jian Council.
   921 | D:2      | Became a worshipper of the Wu Jian Council
   921 | D:2      | Reached * piety under Wu Jian
   921 | D:2      | Reached ** piety under Wu Jian
   945 | D:2      | Reached XP level 4. HP: 27/44 MP: 3/3
  1082 | D:2      | Reached skill level 5 in Unarmed Combat
  1422 | D:2      | Found a runed door.
  1905 | D:3      | Reached XP level 5. HP: 37/50 MP: 4/4
  1931 | D:3      | Found an opulent altar of Gozag.
  1933 | D:3      | Found a shimmering altar of Xom.
  1933 | D:3      | Found an ancient bone altar of Kikubaaqudgha.
  1935 | D:3      | Found a shimmering altar of Xom.
  1935 | D:3      | Found a sacrificial altar of Ru.
  1935 | D:3      | Found a shimmering altar of Xom.
  2006 | D:3      | Reached skill level 6 in Unarmed Combat
  2327 | D:4      | Reached *** piety under Wu Jian
  2364 | D:4      | Found a snail-covered altar of Cheibriados.
  2366 | D:4      | Noticed reaverb's ghost (amateur FeCj)
  2417 | D:4      | Killed reaverb's ghost
  2417 | D:4      | Reached XP level 6. HP: 45/59 MP: 5/5
  2673 | D:4      | Reached skill level 7 in Unarmed Combat
  2737 | D:4      | Noticed Menkaure
  2924 | D:5      | Entered Level 5 of the Dungeon
  3009 | D:5      | Noticed a sky beast
  3017 | D:5      | Killed a sky beast
  3183 | D:5      | Reached skill level 8 in Unarmed Combat
  3300 | D:5      | Reached XP level 7. HP: 62/66 MP: 6/6
  3539 | D:6      | Reached skill level 9 in Unarmed Combat
  3919 | D:6      | Reached XP level 8. HP: 74/74 MP: 7/7
  3937 | D:6      | Reached skill level 10 in Unarmed Combat
  4039 | D:6      | Reached **** piety under Wu Jian
  4066 | D:6      | Found a glowing drain.
  4076 | Sewer    | Entered a sewer
  4192 | Sewer    | Found a white marble altar of Elyvilon.
  4595 | D:7      | Reached skill level 1 in Armour
  4595 | D:7      | Reached skill level 1 in Evocations
  4671 | D:7      | Found a sand-covered staircase.
  4683 | Ossuary  | Entered an ossuary
  4871 | Ossuary  | Reached skill level 3 in Fighting
  4871 | Ossuary  | Reached skill level 3 in Dodging
  4991 | Ossuary  | Reached ***** piety under Wu Jian
  5118 | D:7      | Noticed Joseph
  5341 | D:7      | Reached skill level 2 in Armour
  5647 | D:7      | Reached skill level 2 in Evocations
  6013 | D:8      | Reached XP level 9. HP: 84/84 MP: 9/9
  6040 | D:8      | Found a shadowy altar of Dithmenos.
  6349 | D:9      | You fall through a shaft for 3 floors!
  6472 | D:12     | Noticed a merfolk
  6480 | D:12     | Killed a merfolk
  6480 | D:12     | Reached skill level 3 in Evocations
  6526 | D:12     | Reached skill level 4 in Fighting
  6540 | D:12     | Reached skill level 4 in Dodging
  6569 | D:12     | Reached skill level 3 in Armour
  6681 | D:12     | Noticed a two-headed ogre
  6689 | D:12     | Killed a two-headed ogre
  6689 | D:12     | Reached skill level 4 in Evocations
  6703 | D:12     | Noticed a brown ugly thing
  6709 | D:12     | Killed a brown ugly thing
  6808 | D:12     | Noticed a deep elf mage
  6809 | D:12     | Paralysed by a floating eye for 4 turns
  6890 | D:12     | Reached skill level 4 in Armour
  6890 | D:12     | Reached XP level 10. HP: 94/94 MP: 12/12
  6900 | D:11     | Found a staircase to the Lair.
  6918 | D:11     | HP: 18/94 [warg (6)]
  6921 | D:11     | HP: 2/94 [warg (10)]
  6922 | D:11     | Slain by a bullfrog

Vault maps used:
D:1:      dpeg_arrival_signposts, kennysheep_nondescript, nrook_mini_backslash
D:2:      minitemple, first_ration, uniq_crazy_yiuf_cottage, uniq_robin
D:3:      doesnt_xom_only_xom
D:4:      minmay_temple_entry_poolview, kennysheep_slug_shrine, uniq_menkaure
D:6:      gup_sewer_entry_bubbles, grunt_decor_mini_mirrors,
          hangedman_decor_opposing
D:7:      enter_ossuary_1, uniq_joseph
D:8:      nicolae_dithmenos_through_a_glass_darkly
D:9:      zin_purify, basic_altar
D:11:     erik_lair_orcish_takeover
D:12:     basic_altar, serial_shops, shop_statue, hangedman_fish_farm,
          onia_ninara_cookie
Sewer:    sewer_kobolds
Ossuary:  ossuary_zaba_two_paths

Skill      XL: |  1  2  3  4  5  6  7  8  9 |
---------------+----------------------------+-----
Unarmed Combat | 4 5 6 8 9 10 | 10.0
Armour         | 2 4 |  4.0
Evocations     | 2 4 |  4.8
Fighting       | 3 4 |  4.9
Dodging        | 3 4 |  4.9
Stealth        | |  1.0

Action                   |  1- 3 |  4- 6 |  7- 9 | 10-12 || total
-------------------------+-------+-------+-------+-------++-------
Melee: Unarmed           |    98 |   162 |   341 |    23 ||   624
       Punch             |     2 |     5 |    12 |       ||    19
Throw: Large rock        |       |     1 |     4 |       ||     5
Invok: Whirlwind         |     3 |    35 |    62 |     6 ||   106
       Lunge             |     1 |    46 |    63 |       ||   110
       Wall jump         |       |     3 |     6 |     1 ||    10
       Heavenly Storm    |       |       |       |     1 ||     1
  Use: Scroll            |       |    12 |     6 |       ||    18
 Stab: Sleeping          |     2 |     8 |    10 |       ||    20
       Distracted        |     1 |     1 |     1 |       ||     3
  Eat: Chunk             |    14 |    20 |    30 |       ||    64
       Ration            |       |       |     2 |       ||     2
Armor: Robe              |    36 |    29 |    48 |     8 ||   121
Dodge: Dodged            |    39 |   117 |   174 |    32 ||   362

Table legend:
 A = Spawn XP
 B = Non-spawn XP
 C = Spawn XP percentage of total XP
 D = Spawn monster count
 E = Non-spawn monster count
 F = Spawn count percentage of total count
 G = Total turns spent on level
                    A         B        C        D         E        F      G
               +---------+---------+-------+---------+---------+-------+---------
         Total |       0 |    5850 |   0.0 |       0 |     229 |   0.0 |  6922
               +---------+---------+-------+---------+---------+-------+---------
           D:1 |       0 |      34 |   0.0 |       0 |      17 |   0.0 |   720
           D:2 |       0 |     121 |   0.0 |       0 |      35 |   0.0 |  1044
           D:3 |       0 |      86 |   0.0 |       0 |      22 |   0.0 |   489
           D:4 |       0 |     189 |   0.0 |       0 |      11 |   0.0 |   671
           D:5 |       0 |     624 |   0.0 |       0 |      18 |   0.0 |   613
           D:6 |       0 |     585 |   0.0 |       0 |      21 |   0.0 |   751
           D:7 |       0 |     539 |   0.0 |       0 |      12 |   0.0 |   853
           D:8 |       0 |     323 |   0.0 |       0 |       5 |   0.0 |   511
           D:9 |       0 |     162 |   0.0 |       0 |       6 |   0.0 |   120
          D:11 |       0 |     289 |   0.0 |       0 |       6 |   0.0 |    22
          D:12 |       0 |    2590 |   0.0 |       0 |      12 |   0.0 |   551
         Sewer |       0 |     131 |   0.0 |       0 |      11 |   0.0 |   161
       Ossuary |       0 |     177 |   0.0 |       0 |      53 |   0.0 |   416
               +---------+---------+-------+---------+---------+-------+---------

Vault maps used:
D:1:      dpeg_arrival_signposts, kennysheep_nondescript, nrook_mini_backslash
D:2:      minitemple, first_ration, uniq_crazy_yiuf_cottage, uniq_robin
D:3:      doesnt_xom_only_xom
D:4:      minmay_temple_entry_poolview, kennysheep_slug_shrine, uniq_menkaure
D:6:      gup_sewer_entry_bubbles, grunt_decor_mini_mirrors,
          hangedman_decor_opposing
D:7:      enter_ossuary_1, uniq_joseph
D:8:      nicolae_dithmenos_through_a_glass_darkly
D:9:      zin_purify, basic_altar
D:11:     erik_lair_orcish_takeover
D:12:     basic_altar, serial_shops, shop_statue, hangedman_fish_farm,
          onia_ninara_cookie
Sewer:    sewer_kobolds
Ossuary:  ossuary_zaba_two_paths

Table legend:
 A = Turns spent in this place as a percentage of turns spent in the entire game.
 B = Non-inter-level travel turns spent in this place as a percentage of non-inter-level travel turns spent in the entire game.
 C = Inter-level travel turns spent in this place as a percentage of turns spent in this place.
 D = Turns resting spent in this place as a percentage of non-inter-level travel turns spent in this place.
 E = Turns spent auto-exploring this place as a percentage of non-inter-level travel turns spent in this place.
 F = Non-inter-level travel turns spent in this place divided by the number of levels of this place that you've seen.
                   A       B       C       D       E      F
               +-------+-------+-------+-------+-------+----------------------
         Total | 100.0 | 100.0 |   4.6 |   5.1 |  70.2 | 508.1
       Dungeon |  91.7 |  91.3 |   5.0 |   5.3 |  72.2 | 548.0
         Sewer |   2.3 |   2.4 |   0.0 |   8.1 |  64.0 | 161.0
       Ossuary |   6.0 |   6.3 |   0.0 |   2.2 |  43.0 | 416.0
               +-------+-------+-------+-------+-------+----------------------

Table legend:
 A = Kills in this place as a percentage of kills in entire the game.
 B = Kills by you in this place as a percentage of kills by you in the entire game.
 C = Kills by friends in this place as a percentage of kills by friends in the entire game.
 D = Other kills in this place as a percentage of other kills in the entire game.
 E = Experience gained in this place as a percentage of experience gained in the entire game.
 F = Experience gained in this place divided by the number of levels of this place that you have seen.
                   A       B       C       D       E      F
               +-------+-------+-------+-------+-------+----------------------
         Total | 100.0 | 100.0 |   N/A |   N/A | 100.0 | 450.0
       Dungeon |  72.1 |  72.1 |   N/A |   N/A |  94.7 | 503.8
         Sewer |   4.8 |   4.8 |   N/A |   N/A |   2.2 | 131.0
       Ossuary |  23.1 |  23.1 |   N/A |   N/A |   3.0 | 177.0
               +-------+-------+-------+-------+-------+----------------------
